 Dungeon Crawl Stone Soup version 0.20-a0-151-g755e310 (webtiles) character file.

109 Faca the Cudgeler (level 4, -3/49 HPs)
             Began as an Ogre Berserker on Nov 22, 2016.
             Was a Believer of Trog.
             Slain by a goblin
             ... wielding a +0 club
             ... led by Robin
              (9 damage)
             ... on level 2 of the Dungeon.
             The game lasted 00:06:49 (915 turns).

Faca the Cudgeler (Ogre Berserker)                   Turns: 915, Time: 00:06:51

Health: -3/49      AC:  3    Str: 22    XL:     4   Next: 89%
Magic:  4/4        EV:  8    Int:  6    God:    Trog [**....]
Gold:   101        SH:  7    Dex: 10    Spells: 3/3 levels left

rFire  . . .     SeeInvis .     a - +0 mace
rCold  . . .     Gourm    .     b - +0 animal skin
rNeg   . . .     Faith    .     d - +0 shield
rPois  .         Spirit   .     (helmet restricted)
rElec  .         Reflect  .     (no cloak)
rCorr  .         Harm     .     (gloves unavailable)
MR     .....                    (boots unavailable)
Stlth  +.........               (no amulet)
                                (no ring)
                                (no ring)

@: very slightly contaminated, hasted, very quick
A: unfitting armour, tough skin 1
a: Berserk, Trog's Hand, Burn Spellbooks, Renounce Religion


You were on level 2 of the Dungeon.
You worshipped Trog.
Trog was pleased with you.
You were not hungry.

You visited 1 branch of the dungeon, and saw 2 of its levels.

You collected 101 gold pieces.

Inventory:

Hand Weapons
 a - a +0 mace (weapon)
Armour
 b - a +0 animal skin (worn)
 d - a +0 shield (worn)
Scrolls
 e - a scroll of identify
Potions
 h - a potion of brilliance
 j - a potion of haste
 k - a potion of might {unknown}
 l - a potion of agility {unknown}
Comestibles
 c - a bread ration
 f - 8 fruits
 m - a beef jerky


   Skills:
 + Level 4.5 Fighting
 + Level 5.4 Maces & Flails
 + Level 3.5 Dodging
 + Level 0.2 Stealth
 + Level 1.1 Shields


You had 3 spell levels left.
You didn't know any spells.

Dungeon Overview and Level Annotations

Branches:
Dungeon (2/15)

Altars:


Innate Abilities, Weirdness & Mutations

You are too large for most types of armour.
You have tough skin. (AC +1)


Message History

You kill the goblin!
Trog accepts your kill. The goblin hits you but does no damage.
The kobold hits you but does no damage. The goblin hits you with a club. x2
You hit the goblin.
The goblin is severely wounded.
The goblin barely misses you. x2; The kobold barely misses you.
You block the hobgoblin's attack. You block the goblin's attack. x2
You closely miss the goblin.
The goblin is severely wounded.
The rat twitches its whiskers.
The goblin closely misses you. The goblin hits you with a dagger!
* * * LOW HITPOINT WARNING * * *
You closely miss the goblin.
The goblin is severely wounded.
The kobold closely misses you. You block the hobgoblin's attack.
The goblin hits you with a club!
* * * LOW HITPOINT WARNING * * *
The goblin hits you with a club!
You die...

######
.(...# ##
####.#######
#.
##..........
..
#<..).......
#.
#†.#.######.
#. #..#.#
#.######
#..#.#
##Kgg...###
...#.#
#rg@g......
##.#.#
#gg########
#.#.# #.gg
..#.. #.rg
#... #...
.... .(.#.


You could see 3 hobgoblins, 6 goblins, a kobold and 2 rats.

Vanquished Creatures
  Jessica (D:2)
  Ijyb (D:2)
  Robin (D:2)
  3 dart slugs (D:1)
  A giant cockroach (D:2)
  9 goblins
  3 hobgoblins (D:1)
  A jackal (D:1)
  3 kobolds (D:1)
  A quokka (D:2)
  A ball python (D:2)
  7 bats
  2 frilled lizards (D:1)
  7 rats (D:1)
41 creatures vanquished.

Notes
Turn   | Place    | Note
-------+----------+-------------------------------------------
     0 | D:1      | Faca the Ogre Berserker began the quest for the Orb.
     0 | D:1      | Reached XP level 1. HP: 24/24 MP: 1/1
   280 | D:1      | Reached XP level 2. HP: 32/32 MP: 2/2
   469 | D:1      | Reached XP level 3. HP: 39/39 MP: 3/3
   562 | D:1      | Reached ** piety under Trog
   806 | D:2      | Noticed Ijyb
   821 | D:2      | Killed Ijyb
   821 | D:2      | Reached skill level 5 in Maces & Flails
   821 | D:2      | Reached skill level 1 in Shields
   821 | D:2      | Reached XP level 4. HP: 41/49 MP: 4/4
   897 | D:2      | Noticed Robin
   897 | D:2      | Noticed Jessica
   899 | D:2      | Killed Jessica
   910 | D:2      | Killed Robin
   915 | D:2      | Slain by a goblin

Vault maps used:
D:1:      scummos_arrival_simple_crosswalls
D:2:      due_unseen_surprise, uniq_natasha, uniq_jessica, uniq_iyjb, uniq_robin

Skill      XL: |  1  2  3 |
---------------+----------+-----
Dodging        | 3 |  3.5
Maces & Flails | 5 |  5.4
Shields        | 1 |  1.1
Fighting       | |  4.5
Stealth        | |  0.2

Action                   |  1- 3 |  4- 6 || total
-------------------------+-------+-------++-------
Melee: Mace              |   110 |    26 ||   136
  Use: Scroll            |     4 |     2 ||     6
       Potion            |       |     3 ||     3
 Stab: Sleeping          |     1 |       ||     1
Armor: Animal skin       |    26 |    19 ||    45
Dodge: Dodged            |    30 |    29 ||    59
Block: Shield            |    50 |    30 ||    80
